 Dungeon Crawl Stone Soup version 0.15.0-14-g6bbbb5c (webtiles) character file.

109 Kashira the Sneak (level 4, 0/36 HPs)
             Began as a Naga Enchanter on Sept 5, 2014.
             Killed by nerve-wracking pain
             ... invoked by an orc priest
              (4 damage)
             ... on Level 4 of the Dungeon.
             The game lasted 00:10:55 (2351 turns).

Kashira the Sneak (Naga Enchanter)                  Turns: 2351, Time: 00:10:56

HP   0/36        AC  6     Str 10      XL: 4   Next: 90%
MP   5/8         EV  9     Int 16      God:
Gold 136         SH  0     Dex 12      Spells:  3 memorised,  1 level left

rFire  . . .     SeeInvis +     a - +1 dagger
rCold  . . .     Clarity  .     h - +3 leather armour
rNeg   + . .     rCorr    .     (no shield)
rPois  +         rRot     .     (no helmet)
rElec  .         Spirit   .     (no cloak)
SustAb .         Warding  +     s - +0 pair of gloves
rMut   .         Stasis   .     (no barding)
Gourm  .                        w - amulet of warding
MR     .....                    (no ring)
                                (no ring)

@: very slightly contaminated, hasted, quick, not resistant to hostile
enchantments, fairly stealthy
A: spit poison, see invisible, deformed body, poison resistance, slowness 2, AC
+1
a: Spit Poison


You were on level 4 of the Dungeon.
You were near starving.

You visited 1 branch of the dungeon, and saw 4 of its levels.

You collected 136 gold pieces.

Inventory:

Hand weapons
 a - a +1 dagger (weapon)
Armour
 b - a +1 robe
 h - a +3 leather armour (worn)
 s - a +0 pair of gloves (worn)
Comestibles
 d - 3 bread rations
 r - 8 fruits
 v - 3 meat rations
Scrolls
 e - a scroll of blinking {unknown}
 g - 5 scrolls of teleportation {unknown}
 i - a scroll of immolation {unknown}
 k - a scroll of noise {unknown}
 l - a scroll of recharging {unknown}
 m - a scroll of identify
 o - 2 scrolls of remove curse {unknown}
 q - 3 scrolls of fear {unknown}
 x - a scroll of enchant armour {unknown}
Jewellery
 f - an uncursed amulet of stasis
 w - an amulet of warding (around neck)
Potions
 j - a potion of curing
 p - a potion of confusion {unknown}
 u - a potion of porridge
Books
 c - a book of Maledictions

   Spells                             Type                      Level
   *Corona                            Hexes                        1
   Sure Blade                         Hexes/Charms                 2
   Ensorcelled Hibernation            Hexes/Ice                    2
   *Confuse                           Hexes                        3
   *Dazzling Spray                    Conjuration/Hexes            3
   Enslavement                        Hexes                        4


   Skills:
 - Level 1.0 Short Blades
 + Level 0.7 Armour
 + Level 2.1 Dodging
 - Level 4.5 Stealth
 + Level 2.6 Spellcasting
 + Level 1.0 Conjurations
 + Level 4.2 Hexes


You had one spell level left.
You knew the following spells:

 Your Spells              Type           Power        Failure   Level  Hunger
a - Corona                Hex            ###....      4%          1    #......
b - Dazzling Spray        Conj/Hex       ##......     21%         3    ###....
c - Confuse               Hex            ###.....     12%         3    ###....


Dungeon Overview and Level Annotations

Branches:
Dungeon (4/15)
 Temple: D:4-7

Altars:

Annotations:
D:2 Sigmund


Innate Abilities, Weirdness & Mutations

You cannot wear boots.
You can spit poison.
Your serpentine skin is tough (AC +1).
You have supernaturally acute eyesight.
Armour fits poorly on your strangely shaped body.
Your system is resistant to poisons.
You cover ground very slowly.


Message History

Magic courses through your body.
It was a potion of magic.
The rat barely misses you.
The orc wizard points at you and mumbles some strange words.
The magic dart hits you!
Casting: Confuse
Confirm with . or Enter, or press ? or * to list all spells.
Aiming: Dazzling Spray
Press: ? - help, Shift-Dir - straight line, f - rat, p - orc priest
Aim: a rat The spray of energy hits the rat.
You kill the rat!
The spray of energy misses the orc wizard.
The spray of energy hits the orc.
The orc is severely wounded.
The spray of energy hits the orc priest.
The orc priest is almost dead.
The orc priest is dazzled.
The orc priest mumbles some strange prayers to Beogh against you.
Pain shoots through your body!
You die...

...!.........#.#
#'##' #.# #.##>
#.# #.##.##.#
#.##..#.# #o#
#.#.# #.# #...#
#.####oo#
#.....o@#
#########


You could see an orc priest (blind), an orc wizard (invisible) and an orc.

Vanquished Creatures
  2 adders
  3 worms
  5 giant geckos
  2 oozes
  3 orcs (D:3)
  3 goblins
  8 hobgoblins
  4 jackals (D:3)
  3 quokkas
  2 ball pythons
  8 bats
  2 giant cockroaches
  5 giant newts
  5 kobolds
  6 rats
61 creatures vanquished.

Notes
Turn   | Place    | Note
--------------------------------------------------------------
     0 | D:1      | Kashira, the Naga Enchanter, began the quest for the Orb.
     0 | D:1      | Reached XP level 1. HP: 15/15 MP: 3/3
   351 | D:1      | Reached XP level 2. HP: 17/22 MP: 2/4
   879 | D:2      | Noticed Sigmund
   969 | D:2      | Reached XP level 3. HP: 24/28 MP: 4/6
   974 | D:2      | Learned a level 3 spell: Dazzling Spray
  1411 | D:3      | Reached XP level 4. HP: 36/36 MP: 8/8
  1416 | D:3      | Learned a level 3 spell: Confuse
  2150 | D:3      | Reached skill level 1 in Conjurations
  2351 | D:4      | Killed from afar by an orc priest

Action                   |  1- 3 |  4- 6 || total
-------------------------+-------+-------++-------
Melee: Dagger            |    45 |    81 ||   126
 Cast: Corona            |    10 |       ||    10
       Dazzling Spray    |     1 |    14 ||    15
       Confuse           |       |     1 ||     1
 Abil: Spit Poison       |    30 |    26 ||    56
  Use: Potion            |       |     3 ||     3
       Scroll            |       |     1 ||     1
 Stab: Sleeping          |     6 |     1 ||     7
       Invisible         |       |     1 ||     1
  Eat: Chunk             |     4 |     5 ||     9
